 Dungeon Crawl Stone Soup version 0.21-a0-142-gdd972a7 (webtiles) character file.

19370 nikopol the Eclecticist (level 12, -8/60 HPs)
             Began as a Deep Elf Fire Elementalist on July 22, 2017.
             Was an Elder of Sif Muna.
             Mangled by an alligator (27 damage)
             ... on level 4 of the Lair of Beasts.
             The game lasted 01:33:51 (15796 turns).

nikopol the Eclecticist (DEFE)                     Turns: 15796, Time: 01:33:52

Health: -8/60      AC:  8    Str:  5    XL:     12   Next: 35%
Magic:  39/48      EV: 16    Int: 29    God:    Sif Muna [****..]
Gold:   786        SH:  0    Dex: 15    Spells: 26/41 levels left

rFire    + + .     SeeInvis .   z - staff of power
rCold    . . .     Gourm    .   (no shield)
rNeg     . . .     Faith    +   R - +0 robe {rC+}
rPois    .         Spirit   .   V - +2 hat
rElec    .         Reflect  .   (no cloak)
rCorr    .         Harm     .   k - +1 pair of gloves
MR       ++...                  u - +1 pair of boots
Stlth    +++.......             P - amulet of faith
HPRegen  0.20/turn              v - ring of fire
MPRegen  0.31/turn              C - ring "Nimag" {rF+ MR+ EV+2 Int+3}

@: divine energy
A: no striking features
a: Stop Divine Energy, Channel Magic, Forget Spell, Renounce Religion


You were on level 4 of the Lair of Beasts.
You worshipped Sif Muna.
Sif Muna was greatly pleased with you.
You were not hungry.

You visited 3 branches of the dungeon, and saw 13 of its levels.
You also visited: Sewer and Bailey.

You collected 841 gold pieces.
You spent 55 gold pieces at shops.

Inventory:

Hand Weapons
 o - a +2 dagger of protection
Armour
 k - a +1 pair of gloves (worn)
 u - a +1 pair of boots (worn)
 R - a +0 robe of cold resistance (worn)
 V - a +2 hat (worn)
Magical Staves
 z - an uncursed staff of power (weapon)
Jewellery
 a - a +2 ring of evasion {unknown}
 i - an uncursed ring of magical power
 v - a ring of fire (left hand)
 A - an uncursed ring of see invisible
 C - the ring "Nimag" (right hand) {rF+ MR+ EV+2 Int+3}
   (You acquired it on level 2 of the Lair of Beasts)

   [ring of evasion]

   It affects your evasion (+2).
   It affects your intelligence (+3).
   It protects you from fire.
   It affects your resistance to hostile enchantments.
 L - an uncursed ring of resist corrosion
 P - an amulet of faith (around neck)
 W - an uncursed amulet of harm {unknown}
Wands
 s - a wand of confusion (38/48)
 E - a wand of iceblast (6/15)
 I - a wand of clouds (3/9)
 N - a wand of digging (13/24)
 S - a wand of paralysis (13/24)
 U - a wand of disintegration (15/24)
Scrolls
 d - 4 scrolls of remove curse
 e - 2 scrolls of blinking
 l - 4 scrolls of teleportation
 q - 5 scrolls of identify
 G - 3 scrolls of enchant weapon
 M - a scroll of acquirement
Potions
 g - a potion of degeneration {unknown}
 h - 5 potions of curing
 j - 4 potions of flight
 m - 3 potions of brilliance
 r - 4 potions of heal wounds
 t - 2 potions of might {unknown}
 x - a potion of agility {unknown}
 B - 4 potions of invisibility {unknown}
 D - 2 potions of resistance {unknown}
 F - 2 potions of haste {unknown}
 H - 2 potions of cancellation {unknown}
 Q - a potion of mutation {unknown}
 X - a potion of lignification {unknown}
 Y - a potion of ambrosia {unknown}
Books
 b - a book of Flames

   Spells                             Type                      Level
   a - Flame Tongue                   Conjuration/Fire             1
   b - Throw Flame                    Conjuration/Fire             2
   c - Conjure Flame                  Conjuration/Fire             3
   d - Inner Flame                    Hexes/Fire                   3
   e - Sticky Flame                   Conjuration/Fire             4
   f - Fireball                       Conjuration/Fire             5
 J - a book of the Warp

   Spells                             Type                      Level
   a - Gell's Gravitas                Translocation                3
   b - Portal Projectile              Hexes/Translocation          3
   c - Force Lance                    Conjuration/Translocation    4
   d - Dispersal                      Translocation                6
   e - Controlled Blink               Translocation                8
   f - Disjunction                    Translocation                8
 O - a book of Changes

   Spells                             Type                      Level
   a - Beastly Appendage              Transmutation                1
   b - Sticks to Snakes               Transmutation                2
   c - Spider Form                    Transmutation/Poison         3
   d - Ice Form                       Ice/Transmutation            4
   e - Blade Hands                    Transmutation                5
 T - a book of Minor Magic

   Spells                             Type                      Level
   a - Magic Dart                     Conjuration                  1
   b - Blink                          Translocation                2
   c - Call Imp                       Summoning                    2
   d - Slow                           Hexes                        2
   e - Conjure Flame                  Conjuration/Fire             3
   f - Mephitic Cloud                 Conjuration/Poison/Air       3
Miscellaneous
 K - a phantom mirror
Comestibles
 c - 9 bread rations
 f - 12 royal jellies
 n - 12 fruits
 p - 4 meat rations
 w - a chunk of flesh


   Skills:
 + Level 1.1 Fighting
 + Level 1.0 Short Blades
 + Level 4.3 Dodging
 + Level 5.1 Stealth
 + Level 15.3 Spellcasting
 + Level 11.9 Conjurations
 + Level 0.7 Translocations
 + Level 12.4 Fire Magic
 + Level 1.8 Evocations


You had 26 spell levels left.
You knew the following spells:

 Your Spells              Type           Power        Failure   Level  Hunger
a - Flame Tongue          Conj/Fire      #####        0%          1    None
b - Throw Flame           Conj/Fire      ######       1%          2    None
c - Conjure Flame         Conj/Fire      #######.     1%          3    None
d - Fireball              Conj/Fire      #######...   1%          5    None
e - Force Lance           Conj/Tloc      ######..     1%          4    None


Dungeon Overview and Level Annotations

Branches:
Dungeon (8/15)             Temple (1/1) D:5            Lair (4/6) D:8
  Swamp (0/4) Lair:4        Snake (0/4) Lair:3

Altars:
Ashenzari
Cheibriados
Elyvilon
Fedhas
Gozag
Hepliaklqana
Kikubaaqudgha
Makhleb
Nemelex Xobeh
Okawaru
Qazlal
Ru
Sif Muna
Trog
Uskayaw
Vehumet
Wu Jian
Xom
Yredelemnul
Zin
The Shining One

Shops:
D:5 !

Annotations:
D:5 p0werm0de's ghost, novice OpCj


Message History

The alligator closely misses you. The alligator misses you.
Casting: Flame Tongue
Confirm with . or Enter, or press ? or * to list all spells.
Aiming: Flame Tongue
Press: ? - help, Shift-Dir - straight line, f/p - alligator
Aim: an alligator (flame, heavily wounded, covering ground quickly)
You feel a surge of power!
The flame tongue misses the alligator.
The alligator is engulfed in blazing flames.
The alligator bites you!
The alligator tail-slaps you but does no damage.
Casting: Flame Tongue
Confirm with . or Enter, or press ? or * to list all spells.
Aiming: Throw Flame
Press: ? - help, Shift-Dir - straight line, f/p - alligator
Aim: an alligator (flame, severely wounded, covering ground quickly)
You feel a surge of power!
The puff of flame hits the alligator.
The alligator is severely wounded.
The alligator is engulfed in blazing flames.
The alligator bites you!!
You die...

#....#P..P##
#..........##
#...........#
...#.......P#
....#......##
...P##.....# ###
....##..#..## ###.#
..#####.#...####P..#
..# ##......§.t@.##
.## ##....÷#.#.#..#
..###./.....#####.#
.§§###....t#.# #P.##
§§§.§..#....## ##..##
§..§.#..##..## ##...##
........(#...###.#.#.#
.#.§P#####......###..#
#.#.## ##..>..#....##


You could see an alligator.

Vanquished Creatures
  An orc warlord (Bailey)
  2 two-headed ogres (D:8)
  Nergalle (Lair:3)
  Sonja (Lair:3)
  Pikel (D:6)
  An orc knight (Bailey)
  2 black mambas
  6 spiny frogs
  4 komodo dragons
  A queen bee (D:8)
  A polar bear (Lair:2)
  4 hippogriffs
  6 basilisks
  16 yaks
  5 nagas (Lair:3)
  Menkaure (D:6)
  6 water moccasins
  Duvessa (D:5)
  10 porcupines
  3 orc warriors
  An ice beast (D:8)
  3 black bears
  A necrophage (D:5)
  A sky beast (D:8)
  3 phantoms
  4 ogres
  5 wolves
  8 crocodiles
  8 bullfrogs
  Dowan (D:5)
  A wyvern skeleton (D:7)
  14 killer bees (D:8)
  2 scorpions
  3 wights (D:8)
  A crimson imp (D:7)
  A bullfrog zombie (D:5)
  5 orc priests
  A jelly (D:6)
  3 hounds
  Terence (D:2)
  Natasha (thrice) (D:3)
  5 iguanas
  4 orc wizards
  3 worker ants
  A killer bee zombie (D:8)
  A hound zombie (D:8)
  A hound skeleton (D:4)
  A howler monkey skeleton (D:4)
  A gnoll (Bailey)
  16 adders
  3 shadow imps
  10 oozes
  An adder skeleton (D:5)
  4 worms
  3 dart slugs
  13 leopard geckos
  13 orcs
  17 giant cockroaches
  15 goblins
  9 hobgoblins
  20 kobolds
  8 quokkas
  12 ball pythons
  8 bats
  13 frilled lizards
  A jackal zombie (D:5)
  A leopard gecko skeleton (D:6)
  A quokka zombie (D:7)
  7 rats
  2 fungi
337 creatures vanquished.

Vanquished Creatures (others)
  An adder (D:6)
  A quokka (D:6)
  A bush (Lair:4)
  14 fungi
  2 plants
19 creatures vanquished.

Grand Total: 356 creatures vanquished

Notes
Turn   | Place    | Note
-------+----------+-------------------------------------------
     0 | D:1      | nikopol the Deep Elf Fire Elementalist began the quest for the Orb.
     0 | D:1      | Reached XP level 1. HP: 10/10 MP: 6/6
   249 | D:1      | Reached XP level 2. HP: 15/15 MP: 2/8
   668 | D:2      | Found a faded altar of an unknown god.
   824 | D:2      | Reached XP level 3. HP: 9/19 MP: 3/10
   828 | D:2      | Learned a level 2 spell: Throw Flame
   832 | D:2      | Learned a level 3 spell: Conjure Flame
  1295 | D:2      | Noticed Terence
  1323 | D:2      | Killed Terence
  1323 | D:2      | Reached skill level 4 in Spellcasting
  1323 | D:2      | Reached XP level 4. HP: 24/24 MP: 0/12
  2350 | D:3      | Reached XP level 5. HP: 19/28 MP: 7/13
  2431 | D:3      | Noticed Natasha
  2436 | D:3      | Killed Natasha
  2509 | D:3      | Noticed Natasha
  2514 | D:3      | Killed Natasha
  2514 | D:3      | Reached skill level 5 in Fire Magic
  2698 | D:3      | Found a snail-covered altar of Cheibriados.
  2711 | D:3      | Noticed Natasha
  2714 | D:3      | Killed Natasha
  2714 | D:3      | Reached skill level 5 in Spellcasting
  2855 | D:3      | Learned a level 5 spell: Fireball
  3099 | D:4      | Reached XP level 6. HP: 32/32 MP: 13/15
  3272 | D:4      | Found a white marble altar of Elyvilon.
  3274 | D:4      | Found an ornate altar of the Wu Jian Council.
  3373 | D:4      | Reached skill level 6 in Spellcasting
  3672 | D:4      | Reached XP level 7. HP: 29/36 MP: 6/18
  3786 | D:4      | Found a glowing golden altar of the Shining One.
  4006 | D:4      | Reached skill level 7 in Spellcasting
  4459 | D:5      | Entered Level 5 of the Dungeon
  4631 | D:5      | Found a glowing drain.
  4645 | Sewer    | Entered a sewer
  4872 | Sewer    | Reached skill level 5 in Conjurations
  4969 | Sewer    | Reached XP level 8. HP: 38/41 MP: 14/21
  5250 | D:5      | Reached skill level 8 in Spellcasting
  5305 | D:5      | Found an iron altar of Okawaru.
  5321 | D:5      | Found Herokk's Distillery.
  5330 | D:5      | Bought a potion of heal wounds for 55 gold pieces
  5489 | D:5      | Found a staircase to the Ecumenical Temple.
  5644 | D:5      | Noticed Duvessa
  5644 | D:5      | Noticed Dowan
  5652 | D:5      | Killed Duvessa
  5657 | D:5      | Killed Dowan
  5737 | D:5      | Noticed p0werm0de's ghost (novice OpCj)
  6114 | D:6      | Found a bloodstained altar of Trog.
  6123 | D:6      | Reached skill level 9 in Spellcasting
  6267 | D:6      | Noticed Pikel
  6279 | D:6      | Killed Pikel
  6279 | D:6      | Reached XP level 9. HP: 45/45 MP: 8/24
  6461 | D:6      | Found an ancient bone altar of Kikubaaqudgha.
  6695 | D:6      | Found a sacrificial altar of Ru.
  6711 | D:6      | Noticed Menkaure
  6716 | D:6      | Killed Menkaure
  6716 | D:6      | Reached skill level 10 in Spellcasting
  7582 | D:7      | Found a flagged portal.
  7595 | Bailey   | Entered a bailey
  7636 | Bailey   | Noticed an orc warlord
  7756 | Bailey   | Noticed an orc knight
  7788 | Bailey   | Killed an orc knight
  8057 | Bailey   | Found a runed gate.
  8057 | Bailey   | Found a runed gate.
  8057 | Bailey   | Found a runed gate.
  8068 | Bailey   | Reached skill level 11 in Spellcasting
  8223 | Bailey   | Killed an orc warlord
  8223 | Bailey   | Reached skill level 1 in Evocations
  8223 | Bailey   | Reached XP level 10. HP: 51/51 MP: 19/27
  8865 | D:7      | Learned a level 4 spell: Force Lance
  9089 | D:8      | Reached skill level 1 in Short Blades
  9325 | Temple   | Entered the Ecumenical Temple
  9365 | Temple   | Became a worshipper of Sif Muna the Loreminder
  9491 | D:8      | Noticed a two-headed ogre
  9509 | D:8      | Killed a two-headed ogre
  9509 | D:8      | Reached skill level 12 in Spellcasting
  9679 | D:8      | Reached * piety under Sif Muna
  9703 | D:8      | Reached skill level 10 in Fire Magic
  9855 | D:8      | Noticed a two-headed ogre
 10243 | D:8      | Killed a two-headed ogre
 10243 | D:8      | Reached skill level 10 in Conjurations
 10243 | D:8      | Reached XP level 11. HP: 55/55 MP: 23/29
 10355 | D:8      | Found a staircase to the Lair.
 10517 | Lair:1   | Entered Level 1 of the Lair of Beasts
 10530 | Lair:1   | Reached skill level 13 in Spellcasting
 10568 | Lair:1   | Got a warped rapier
 10569 | Lair:1   | Identified the cursed +2 rapier of Dishonesty {antimagic, rC+ Str+3} (You found it on level 1 of the Lair of Beasts)
 10769 | Lair:1   | Reached ** piety under Sif Muna
 11448 | Lair:1   | Reached skill level 5 in Stealth
 12151 | Lair:2   | Identified 2 scrolls of acquirement
 12158 | Lair:2   | Got a translucent jade ring
 12160 | Lair:2   | Identified the ring "Nimag" {rF+ MR+ EV+2 Int+3} (You acquired it on level 2 of the Lair of Beasts)
 13019 | Lair:3   | Noticed Nergalle
 13087 | Lair:3   | Killed Nergalle
 13087 | Lair:3   | Reached *** piety under Sif Muna
 13087 | Lair:3   | Reached skill level 14 in Spellcasting
 13261 | Lair:3   | Noticed Sonja
 13262 | Lair:3   | Killed Sonja
 13262 | Lair:3   | Reached skill level 1 in Fighting
 13556 | Lair:3   | Found a staircase to the Snake Pit.
 14383 | Lair:3   | Reached **** piety under Sif Muna
 14573 | Lair:3   | Reached XP level 12. HP: 59/60 MP: 32/32
 14932 | Lair:4   | Reached skill level 15 in Spellcasting
 15561 | Lair:4   | Found a staircase to the Swamp.
 15782 | Lair:4   | Noticed an alligator
 15796 | Lair:4   | Mangled by an alligator

Vault maps used:
D:1:      lightli_arrival_farm, minmay_misc_feat_chi
D:2:      chequers_ecumenical_altar_simple, feat_on_display, uniq_terence
D:3:      overflow_temple_1_default, nicolae_overflow_hidden_temple,
          uniq_natasha
D:4:      grunt_temple_overflow_open, first_bread, tso_altar
D:5:      kennysheep_mini, temple_hall, portal_sewer_entry_d, serial_shops,
          shop, uniq_duvessa
D:6:      marbit_many_paths, basic_altar, trog_ov_bears_minmay, uniq_pikel,
          uniq_menkaure
D:7:      enter_bailey_3
D:8:      grunt_lair_entry_orc_guard_hut, david_nohive_1
Temple:   lightli_temple_of_artemis
Lair:1:   minmay_holes
Lair:2:   lemuel_fruit_tree
Lair:3:   minmay_snake_entry_guardpost_medium, uniq_nergalle, uniq_sonja
Lair:4:   swamp_mist, grunt_megastairs_5
Sewer:    sewer_frog_island_02
Bailey:   bailey_axe_bossmonster_kennysheep, bailey

Skill      XL: |  1  2  3  4  5  6  7  8  9 10 11 12 |
---------------+-------------------------------------+-----
Fire Magic     | 4 5 6 8 9 10 11 12 | 12.4
Spellcasting   | 4 5 6 7 9 11 12 14 15 | 15.3
Conjurations   | 2 3 5 7 8 10 11 | 11.9
Stealth        | 3 4 5 |  5.1
Dodging        | 3 4 |  4.3
Evocations     | 1 |  1.8
Short Blades   | 1 |  1.0
Fighting       | 1 |  1.1
Translocations | |  0.7

Action                   |  1- 3 |  4- 6 |  7- 9 | 10-12 || total
-------------------------+-------+-------+-------+-------++-------
Melee: Dagger            |       |       |     9 |     5 ||    14
       Staff             |       |       |       |     5 ||     5
 Cast: Flame Tongue      |    62 |   118 |   249 |   441 ||   870
       Conjure Flame     |     1 |       |     9 |    40 ||    50
       Throw Flame       |       |     5 |    24 |    70 ||    99
       Fireball          |       |       |     7 |    26 ||    33
       Force Lance       |       |       |       |     2 ||     2
Invok: Divine Energy     |       |       |       |     1 ||     1
Evoke: Wand              |       |       |     6 |     5 ||    11
  Use: Scroll            |       |       |    17 |     9 ||    26
       Potion            |       |       |       |     4 ||     4
  Eat: Chunk             |     1 |     7 |     9 |    18 ||    35
       Meat ration       |       |       |     1 |     1 ||     2
       Royal jelly       |       |       |       |     1 ||     1
Armor: Robe              |     5 |     5 |    11 |    33 ||    54
Dodge: Dodged            |    13 |    21 |    35 |    94 ||   163
